 Dungeon Crawl Stone Soup version 0.28-a0-803-g74956062c1 (webtiles) character file.

Game seed: 16299056375855458640

13791 Decritt the Cleaver (level 11, -4/104 HPs)
             Began as a Deep Dwarf Fighter on Nov 7, 2021.
             Was a Believer of Elyvilon.
             Slain by a molten gargoyle (5 damage)
             ... in a volcano.
             The game lasted 00:57:54 (11932 turns).

Decritt the Cleaver (Deep Dwarf Fighter)           Turns: 11932, Time: 00:57:55

Health: -4/104     AC: 27    Str: 23    XL:     11   Next: 80%
Magic:  1/1        EV:  5    Int:  9    God:    Elyvilon [**....]
Gold:   654        SH: 20    Dex: 12    Spells: 10/10 levels left

rFire   + . .      SeeInvis .   B - +0 morningstar (protect)
rCold   . . .      Faith    .   k - +5 tower shield
rNeg    . . .      Spirit   .   g - +0 plate armour
rPois   .          Reflect  .   d - +1 hat
rElec   +          Harm     .   h - +2 cloak
rCorr   .          Rampage  .   w - +0 pair of gloves
Will    +++..                   p - +0 pair of boots
Stlth   ..........              q - amulet of the acrobat
HPRegen 0.00/turn               s - ring of protection from fire
MPRegen 0.07/turn               e - ring of Izyej {Fly rElec Will++}

@: under a protective aura, flying
A: damage resistance, heal wounds, sense surroundings 2, no regeneration
a: Heal Wounds, Renounce Religion, Purification, Heal Other


You were in a volcano.
You worshipped Elyvilon.
Elyvilon was pleased with you.
You visited 4 branches of the dungeon, and saw 14 of its levels.
You also visited: Volcano.

You collected 654 gold pieces.

Inventory:

Hand Weapons
 a - a +1 war axe
 t - a +2 trident of venom
 u - a +3 vorpal mace
 B - a +0 morningstar of protection (weapon)
Missiles
 n - 5 boomerangs (quivered)
 o - a throwing net
 x - 6 javelins
Armour
 d - a +1 hat (worn)
 g - a +0 plate armour (worn)
 h - a +2 cloak (worn)
 k - a +5 tower shield (worn)
 p - a +0 pair of boots (worn)
 w - a +0 pair of gloves (worn)
Jewellery
 e - the ring of Izyej (right hand) {Fly rElec Will++}
   (You acquired it on level 2 of the Dungeon)

   [ring of flight]

   rElec:     It insulates you from electricity.
   Fly:       It grants you flight.
   Will:      It greatly increases your willpower.
 q - an amulet of the acrobat (around neck)
 s - a ring of protection from fire (left hand)
Wands
 b - a wand of paralysis (3)
 m - a wand of acid (10)
Scrolls
 r - a scroll of fear
 y - a scroll of teleportation
 A - a scroll of blinking
Potions
 c - 4 potions of curing
 f - a potion of mutation {unknown}
 i - 3 potions of resistance
 j - 2 potions of lignification
 l - a potion of haste
 v - a potion of heal wounds
 z - a potion of attraction {unknown}


   Skills:
 + Level 8.7 Fighting
 - Level 11.2(11.5) Axes
 + Level 3.1(7.2) Maces & Flails
 - Level 1.3(6.0) Polearms
 + Level 8.0 Armour
 + Level 6.4 Dodging
 + Level 8.4 Shields
 - Level 9.0 Invocations


You had 10 spell levels left.
You didn't know any spells.
Your spell library contained the following spells:

 Spells                   Type           Power      Damage    Failure   Level
 Freeze                   Ice            0%         1d3       100%        1
 Corpse Rot               Necr/Air       0%         N/A       100%        2
 Poisonous Vapours        Pois/Air       0%         N/A       100%        2
 Static Discharge         Conj/Air       0%         N/A       100%        2
 Conjure Flame            Conj/Fire      0%         6-21      100%        3
 Dazzling Flash           Conj/Hex       0%         N/A       100%        3
 Frozen Ramparts          Ice            0%         1d2       100%        3
 Ignite Poison            Fire/Tmut/Pois 0%         N/A       100%        3
 Inner Flame              Hex/Fire       0%         N/A       100%        3
 Summon Guardian Golem    Hex/Summ       0%         N/A       100%        3
 Airstrike                Air            0%         N/A       100%        4
 Cause Fear               Hex            0%         N/A       100%        4
 Hailstorm                Conj/Ice       0%         3d3       100%        4
 Iskenderun's Mystic Bla  Conj/Tloc      0%         2d3       100%        4
 Sticky Flame             Conj/Fire      0%         2d3       100%        4
 Summon Lightning Spire   Summ/Air       0%         N/A       100%        4
 Lightning Bolt           Conj/Air       0%         1d11      100%        5
 Starburst                Conj/Fire      0%         6d3       100%        6
 Orb of Destruction       Conj           0%         N/A       100%        7
 Spellforged Servitor     Conj/Summ      0%         N/A       100%        7
 Discord                  Hex            0%         N/A       100%        8
 Maxwell's Capacitive Co  Air            0%         ∞         100%        8
 Chain Lightning          Conj/Air       0%         N/A       100%        9
 Fire Storm               Conj/Fire      0%         5d1       100%        9
 Shatter                  Erth           0%         3d5*      100%        9


Dungeon Overview and Level Annotations

Branches:
Dungeon (10/15)            Temple (1/1) D:7            Lair (1/6) D:9
    Orc (2/2) D:9         Volcano (1/1)
    Elf: Orc:2

Altars:
Cheibriados
Elyvilon
Fedhas
Gozag
Hepliaklqana
Kikubaaqudgha
Makhleb
Nemelex Xobeh
Okawaru
Qazlal
Ru
Sif Muna
Trog
Uskayaw
Vehumet
Wu Jian
Xom

Annotations:
D:8 3 runed translucent doors, jnbjl's ghost, novice SpEn
D:10 nergalle, Nergalle


Innate Abilities, Weirdness & Mutations

You are resistant to damage.
You can heal yourself by infusing magical energy.
You passively map the area around you.
You do not regenerate.


Message History

* * * LOW HITPOINT WARNING * * *
The molten gargoyle blasts magma at you!
The bolt of magma hits you. You partially resist.
* * * LOW HITPOINT WARNING * * *
You block the molten gargoyle's attack.
The molten gargoyle blasts magma at you!
The bolt of magma hits you! You partially resist.
* * * LOW HITPOINT WARNING * * *
You feel much better.
The molten gargoyle blasts magma at you!
The bolt of magma hits you! You partially resist.
* * * LOW HITPOINT WARNING * * *
The molten gargoyle hits you but does no damage.
You closely miss the molten gargoyle.
The molten gargoyle is heavily damaged.
You block the molten gargoyle's attack.
The molten gargoyle blasts magma at you!
The bolt of magma hits you!! You partially resist.
* * * LOW HITPOINT WARNING * * *
You barely miss the molten gargoyle.
The molten gargoyle is heavily damaged.
You block the molten gargoyle's attack.
The molten gargoyle blasts magma at you!
The bolt of magma hits you! You partially resist.
* * * LOW HITPOINT WARNING * * *
You block the molten gargoyle's attack.
The molten gargoyle blasts magma at you!
The bolt of magma hits you! You partially resist.
* * * LOW HITPOINT WARNING * * *
Unknown command.
You closely miss the molten gargoyle.
The molten gargoyle is heavily damaged.
The molten gargoyle blasts magma at you!
The bolt of magma misses you. You block the molten gargoyle's attack.
You hit the molten gargoyle but do no damage.
Your weapon exudes an aura of protection.
The molten gargoyle is heavily damaged.
The molten gargoyle hits you with a +0 flail.
You are engulfed in flames.
You resist.
You die...

#########
##§≈≈≈≈≈≈##
##≈≈.≈≈≈.≈≈##
#.....≈≈....#
#...∩...∩...#
##......@..#*
##..###99##
##+###'## ,
○E##., °°§≈*
#. ..≈≈≈§
*..* #.≈≈≈≈≈
## ##.§ ,
##.≈ ,*


You could see a fire elemental and 2 molten gargoyles.

Vanquished Creatures
  Gastronok (D:8)
  A hydra (Lair:1)
  Erolcha (D:10)
  2 two-headed ogres
  An orc knight (D:9)
  Maurice (D:10)
  A cane toad (Lair:1)
  2 komodo dragons (Lair:1)
  A troll (D:10)
  4 blink frogs (Lair:1)
  Sigmund (D:3)
  2 wyverns (Lair:1)
  2 shadows
  Eustachio (D:6)
  5 yaks (D:9)
  3 fire bats (Lair:1)
  4 wargs
  A naga (shapeshifter) (D:9)
  A water moccasin (Lair:1)
  A black bear (D:7)
  10 orc warriors
  A sky beast (D:6)
  2 necrophages
  A centaur (D:4)
  2 phantoms
  A kobold brigand (D:9)
  A scorpion (D:6)
  6 bullfrogs
  5 killer bees (D:5)
  8 wights (D:9)
  A howler monkey (D:8)
  4 electric eels (D:7)
  2 centaur zombies
  3 bullfrog zombies
  3 hounds
  2 bullfrog skeletons
  6 orc priests
  Crazy Yiuf (D:7)
  2 centaur skeletons
  A gnoll shaman (D:7)
  An iguana (D:5)
  12 orc wizards
  2 hound zombies (D:5)
  A hound skeleton (D:4)
  2 howler monkey zombies
  20 adders
  7 gnolls
  A shadow imp (D:3)
  An ufetubus (D:5)
  2 adder skeletons
  The ghost of fly the Sneak, a weakling FoDe (D:4)
  3 dart slugs
  29 orcs
  11 ball pythons
  9 endoplasms
  3 giant cockroaches
  7 goblins
  11 hobgoblins
  2 jackals (D:3)
  6 quokkas
  7 bats
  6 frilled lizards
  11 kobolds
  5 rats
258 creatures vanquished.

Vanquished Creatures (collateral kills)
  2 orcs (D:7)
2 creatures vanquished.

Grand Total: 260 creatures vanquished

Notes
Turn   | Place    | Note
-------+----------+-------------------------------------------
     0 | D:1      | Decritt the Deep Dwarf Fighter began the quest for the Orb.
     0 | D:1      | Reached XP level 1. HP: 20/20 MP: 1/1
   140 | D:1      | Reached XP level 2. HP: 20/27 MP: 2/2
   324 | D:1      | Reached skill level 1 in Dodging
   344 | D:1      | Reached skill level 3 in Axes
   580 | D:1      | Reached XP level 3. HP: 21/34 MP: 3/3
  1320 | D:2      | Reached XP level 4. HP: 19/42 MP: 4/4
  1371 | D:2      | Reached skill level 4 in Axes
  1666 | D:2      | Reached XP level 5. HP: 36/49 MP: 5/5
  1915 | D:2      | Identified a scroll of acquirement
  1915 | D:2      | Acquired the ring of Izyej {Fly rElec Will++}
  2048 | D:3      | Noticed Sigmund
  2062 | D:3      | Killed Sigmund
  2063 | D:3      | Reached skill level 5 in Axes
  2063 | D:3      | Reached XP level 6. HP: 24/57 MP: 6/6
  2845 | D:4      | Reached skill level 6 in Axes
  3038 | D:4      | Found a large runed translucent door.
  3038 | D:4      | Found a large runed translucent door.
  3040 | D:4      | Noticed fly's ghost (weakling FoDe)
  3051 | D:4      | Killed fly's ghost
  3151 | D:4      | Reached XP level 7. HP: 27/64 MP: 7/7
  3291 | D:5      | Entered Level 5 of the Dungeon
  3353 | D:5      | Found a sparkling altar of Nemelex Xobeh.
  3353 | D:5      | Found a burning altar of Makhleb.
  3506 | D:5      | Reached skill level 7 in Axes
  3640 | D:5      | Reached skill level 5 in Fighting
  3640 | D:5      | Reached XP level 8. HP: 38/74 MP: 8/8
  4119 | D:6      | Reached skill level 8 in Axes
  4119 | D:6      | Reached skill level 5 in Shields
  4124 | D:6      | Noticed Eustachio
  4151 | D:6      | Killed Eustachio
  4598 | D:6      | Reached skill level 9 in Axes
  4892 | D:7      | Found a staircase to the Ecumenical Temple.
  5044 | D:7      | Found an ancient bone altar of Kikubaaqudgha.
  5077 | D:7      | Gained mutation: You passively map the area around you.
                  | [Deep Dwarf growth]
  5077 | D:7      | Reached XP level 9. HP: 40/82 MP: 6/6
  5142 | Temple   | Entered the Ecumenical Temple
  5464 | Temple   | Became a worshipper of Elyvilon the Healer
  5611 | D:7      | Reached skill level 1 in Invocations
  6093 | D:7      | Found a runed translucent door.
  6094 | D:7      | Noticed Crazy Yiuf
  6099 | D:7      | Killed Crazy Yiuf
  6498 | D:8      | Found a radiant altar of Vehumet.
  6561 | D:8      | Reached * piety under Elyvilon
  6561 | D:8      | Noticed Gastronok
  6673 | D:8      | HP: 2/84 [Gastronok (29)]
  6695 | D:8      | Killed Gastronok
  6696 | D:8      | Reached skill level 10 in Axes
  6696 | D:8      | Reached skill level 5 in Armour
  6814 | D:8      | Noticed jnbjl's ghost (novice SpEn)
  6837 | D:8      | Found a runed translucent gate.
  6837 | D:8      | Found a runed translucent gate.
  6837 | D:8      | Found a runed translucent gate.
  6981 | D:8      | Found a sacrificial altar of Ru.
  7369 | D:8      | Reached XP level 10. HP: 86/94 MP: 8/8
  7571 | D:9      | Noticed a two-headed ogre
  7842 | D:9      | Reached ** piety under Elyvilon
  7923 | D:9      | Killed a two-headed ogre
  7924 | D:9      | Reached skill level 1 in Polearms
  8216 | D:9      | Found a staircase to the Orcish Mines.
  8730 | D:9      | Found a staircase to the Lair.
  8927 | D:10     | Entered Level 10 of the Dungeon
  8987 | D:10     | Noticed Erolcha
  8999 | D:10     | Killed Erolcha
  9021 | D:10     | Noticed Maurice
  9084 | D:10     | Killed Maurice
  9085 | D:10     | Reached skill level 11 in Axes
  9085 | D:10     | Reached XP level 11. HP: 74/103 MP: 6/6
  9166 | D:10     | Reached *** piety under Elyvilon
  9255 | D:10     | Noticed a two-headed ogre
  9282 | D:10     | Killed a two-headed ogre
  9283 | D:10     | Reached skill level 5 in Dodging
  9467 | D:10     | Noticed Nergalle
  9485 | D:10     | Elyvilon protects you from harm!
 10119 | Orc:1    | Entered Level 1 of the Orcish Mines
 10119 | Orc:1    | Noticed an orc knight
 10252 | D:9      | Killed an orc knight
 10434 | Orc:2    | Entered Level 2 of the Orcish Mines
 10665 | Orc:2    | Noticed an orc sorcerer
 10666 | Orc:2    | Noticed an orc sorcerer
 10688 | Orc:1    | Reached skill level 1 in Maces & Flails
 10970 | Orc:1    | HP: 2/103 [ice devil[an orc sorcerer] (15)]
 10975 | Orc:1    | Pacified an orc sorcerer
 10984 | Orc:1    | Pacified an orc sorcerer
 11371 | Lair:1   | Entered Level 1 of the Lair of Beasts
 11402 | Lair:1   | Noticed a seven-headed hydra
 11423 | Lair:1   | Killed a seven-headed hydra
 11654 | Lair:1   | HP: 1/104 [komodo dragon (15)]
 11804 | Lair:1   | Found a dark tunnel.
 11902 | Volcano  | Entered a volcano
 11930 | Volcano  | HP: 5/104 [molten gargoyle/bolt of magma (9)]
 11930 | Volcano  | HP: 1/104 [molten gargoyle/bolt of magma (4)]
 11932 | Volcano  | Slain by a molten gargoyle

Illustrated notes

Levels and vault maps discovered:
D:1:      minmay_arrival_stair_chambers, layout_loops_corners
D:2:      layout_basic, minmay_snake_closets
D:3:      layout_loops_ring, minmay_door_square, kennysheep_generic_room_8,
          uniq_sigmund
D:4:      layout_rooms, ebering_ghost_disaster_area
D:5:      layout_loops_ring, gammafunk_temple_overflow_wave
D:6:      layout_loops_corners, uniq_eustachio
D:7:      layout_basic, old_standard_altar, minmay_temple_entry_arrows,
          enter_bailey_8, enter_ossuary_5, kennysheep_boxes,
          uniq_crazy_yiuf_cottage
D:8:      layout_loops_corners, nicolae_ru_the_path_less_chosen,
          nicolae_vehumet_altar_sigil, gammafunk_ghost_icy, uniq_gastronok
D:9:      layout_loops_corners, lair_entry_dummy, minmay_orc_entry_guard_dogs
D:10:     layout_roguey, chequers_temple_overflow_minitemple, uniq_erolcha,
          uniq_nergalle, uniq_maurice
Temple:   minmay_temple_forest_path
Lair:1:   layout_cave_pods, nicolae_volcano_entry_batcave
Orc:1:    nicolae_orc_accident_2, layout_caves, serial_shops, nicolae_shop_stone
Orc:2:    st_orc_town, layout_diamond_mine, mumra_transporter_accident
Volcano:  volcano_aerie

Skill      XL: |  1  2  3  4  5  6  7  8  9 10 11 |
---------------+----------------------------------+-----
Dodging        | 1 2 3 4 6 |  6.4
Axes           | 3 4 5 6 7 9 10 11 | 11.2
Fighting       | 3 4 5 6 7 8 |  8.7
Shields        | 4 6 7 8 |  8.4
Invocations    | 6 8 9 |  9.0
Armour         | 5 6 8 |  8.0
Polearms       | 1 |  1.3
Maces & Flails | 3 |  3.1

Action                   |  1- 3 |  4- 6 |  7- 9 | 10-12 || total
-------------------------+-------+-------+-------+-------++-------
Melee: War axe           |   134 |   256 |   237 |       ||   627
       Mace              |       |       |   141 |    67 ||   208
       Trident           |       |       |       |   309 ||   309
       Morningstar       |       |       |       |   203 ||   203
Throw: Boomerang         |    29 |    20 |       |    53 ||   102
       Stone             |       |    21 |       |       ||    21
Invok: Heal Other        |       |       |       |     5 ||     5
       Heal Self         |       |       |       |     3 ||     3
       Purification      |       |       |       |     1 ||     1
 Abil: Heal Wounds       |     1 |     3 |    26 |    53 ||    83
  Use: Scroll            |       |     8 |    13 |     3 ||    24
       Potion            |       |       |     2 |     5 ||     7
Armor: Scale mail        |    63 |   126 |    89 |       ||   278
       Plate armour      |       |       |    34 |   301 ||   335
       Chain mail        |       |       |    31 |       ||    31
Dodge: Dodged            |    66 |   119 |   105 |   120 ||   410
Block: Buckler           |    29 |    39 |       |       ||    68
       Tower shield      |       |    58 |   387 |   722 ||  1167

Table legend: (Time is in decaauts)
 A = Elapsed time spent in this place.
 B = Non-inter-level travel time spent in this place.
 C = Inter-level travel time spent in this place.
 D = Time resting spent in this place.
 E = Time spent auto-exploring this place.
 F = Levels seen in this place.
 G = Mean time per level.
                   A        B        C        D        E       F      G
               +--------+--------+--------+--------+--------+-----+--------+
         Total |  12555 |  12122 |    433 |   1616 |   6468 |  15 |  837.0 |
       Dungeon |  10864 |  10489 |    375 |   1265 |   5931 |  10 | 1086.4 |
        Temple |    344 |    294 |     50 |      0 |    265 |   1 |  344.0 |
          Lair |    608 |    608 |      0 |      9 |    210 |   1 |  608.0 |
  Orcish Mines |    698 |    691 |      7 |    342 |     57 |   2 |  349.0 |
       Volcano |     38 |     38 |      0 |      0 |      5 |   1 |   38.0 |
               +--------+--------+--------+--------+--------+-----+--------+

Top non-repeatable levels by time:
     D:9: 2520 daAuts
     D:8: 1343 daAuts
     D:7: 1279 daAuts
     D:1: 1032 daAuts
     D:2: 985 daAuts
     D:6: 878 daAuts
     D:3: 859 daAuts
     D:5: 770 daAuts
    D:10: 617 daAuts
  Lair:1: 608 daAuts
     D:4: 578 daAuts
   Orc:1: 576 daAuts
  Temple: 344 daAuts
   Orc:2: 122 daAuts
 Volcano: 38 daAuts
